AoeStats
← Xinh Gái Ku To

Arabia

505239758Analyzed
1v1 RM · 24d ago on Sep 8, 2026· 47m 33s· 2 players
Game mode
Random Map
Map size
Tiny (2 player)
Population
200
Speed
Normal
Resources
Standard
Victory
Conquest
Starting age
Dark Age
Ending age
Imperial Age
RankedLock teamsTeams togetherTeam positionsShared explorationLock speedFull tech treeHidden civsTurbo modeCheats
Victory
Defeat
🇪🇸 Maya · Spain
678
+16
🇻🇳 Inca · Vietnam
683
-32
sYAn...
0:27 Loom
11:06 Feudal Age
11:32 Double-Bit Axe
11:25 Man-at-Arms
16:51 Forging
18:05 Wheelbarrow
17:57 Scale Mail Armor
23:52 Castle Age
22:41 Horse Collar
25:10 Eagle Warrior
28:08 Bow Saw
30:36 Iron Casting
30:43 Hand Cart
34:05 Chain Mail Armor
35:16 Heavy Plow
35:52 Coinage
37:16 Town Watch
38:17 Fervor
41:30 Imperial Age
39:04 Town Patrol
39:58 Arson
41:01 Devotion
43:45 Blast Furnace
43:15 Plate Mail Armor
42:27 Elite Eagle Warrior
44:37 Banking
44:45 Conscription
45:58 Two-Man Saw
48:10 Holcans
Xinh Gái Ku To
7:42 Loom
10:59 Feudal Age
17:46 Castle Age
25:32 Thumb Ring
26:45 Double-Bit Axe
29:26 Horse Collar
30:00 Bow Saw
30:51 Champi Runner
31:33 Squires
37:30 Imperial Age
35:27 Stone Mining
35:12 Elite Skirmisher
36:24 Murder Holes
37:34 Fortified Wall
38:10 Gold Mining
39:07 Wheelbarrow
38:24 Horse Collar
38:33 Horse Collar
39:21 Conscription
39:30 Champi Warrior
41:34 Andean Sling
42:32 Hand Cart
42:39 Town Watch
43:22 Elite Champi Warrior
45:25 Ballistics
45:11 Siege Engineers
45:02 Fletching
45:13 Padded Archer Armor
Connection lost

Rejoining the realm…

Still unreachable

The connection could not be restored.

Session expired

The server has moved on; the page needs a fresh start.